 Dungeon Crawl Stone Soup version 0.27-a0-1119-gbf574a6a6b (webtiles) character file.

Game seed: 599509829303486614

5 kodamatunes15 the Skirmisher (level 1, -1/19 HPs)
             Began as a Ghoul Monk on May 2, 2021.
             Slain by a hobgoblin (5 damage)
             ... on level 1 of the Dungeon on May 3, 2021.
             The game lasted 00:02:57 (208 turns).

kodamatunes15 the Skirmisher (Ghoul Monk)            Turns: 208, Time: 00:02:58

Health: -1/19      AC:  2    Str: 14    XL:     1   Next: 80%
Magic:  0/0        EV: 12    Int:  5    God:
Gold:   19         SH:  0    Dex: 11    Spells: 0/0 levels left

rFire    . . .     SeeInvis .   a - +0 falchion
rCold    + . .     Faith    .   (no shield)
rNeg     + + +     Spirit   .   b - +0 robe
rPois    ∞         Reflect  .   (no helmet)
rElec    .         Harm     .   (no cloak)
rCorr    .         Rampage  .   (no gloves)
Will     .....                  (no boots)
Stlth    ++........             (no amulet)
HPRegen  0.00/turn              (no ring)
MPRegen  0.07/turn              (no ring)

@: no status effects
A: claws 1, cold resistance 1, negative energy resistance 3, inhibited
regeneration, torment resistance 2, unbreathing 1
a: no special abilities


You were on level 1 of the Dungeon.
You visited 1 branch of the dungeon, and saw 1 of its levels.

You collected 19 gold pieces.

Inventory:

Hand Weapons
 a - a +0 falchion (weapon)
Armour
 b - a +0 robe (worn)
Jewellery
 c - a ring of flight


   Skills:
 + Level 3.3 Fighting
 + Level 2.9 Long Blades
 + Level 2.7 Dodging
 + Level 2.3 Stealth


You couldn't memorise any spells.
You didn't know any spells.
Your spell library was empty.

Dungeon Overview and Level Annotations

Branches:
Dungeon (1/15)

Altars:


Innate Abilities, Weirdness & Mutations

You thrive by killing the living.
You are immune to poison.
You have sharp fingernails.
Your flesh is cold resistant. (rC+)
You are immune to negative energy. (rN+++)
You do not regenerate when monsters are visible.
You are immune to unholy pain and torment.
You can survive without breathing.


Message History

Found 6 gold pieces.
There is an open door here.
d - a scroll labelled QOOXIS KAZIMUFF
As you read the scroll labelled QOOXIS KAZIMUFF, it crumbles to dust.
You feel aware of your surroundings.
You sensed 1 altar, and 1 shop/portal.
It was a scroll of magic mapping.
A rat and a kobold come into view.
The rat misses you.
You hit the rat.
You kill the rat!
The kobold shouts!
The kobold throws a stone.
The stone misses you.
The kobold throws a stone.
The stone closely misses you.
The kobold throws a stone.
The stone closely misses you. The kobold hits you with a +0 whip.
You miss the kobold. The kobold closely misses you.
You riposte.
You closely miss the kobold. You closely miss the kobold.
The kobold hits you with a +0 whip.
* * * LOW HITPOINT WARNING * * *
You hit the kobold.
You kill the kobold!
You feel better.
You now have 19 gold pieces (gained 6).
A hobgoblin comes into view.
The hobgoblin shouts!
The hobgoblin hits you.
* * * LOW HITPOINT WARNING * * *
You hit the hobgoblin but do no damage.
The hobgoblin hits you but does no damage.
A rat comes into view.
The hobgoblin closely misses you.
You hit the hobgoblin.
The hobgoblin is lightly wounded.
The hobgoblin closely misses you.
You closely miss the hobgoblin.
The hobgoblin is lightly wounded.
The hobgoblin hits you but does no damage.
You hit the hobgoblin but do no damage. The hobgoblin misses you.
You hit the hobgoblin but do no damage. The hobgoblin hits you.
You die...

...≈.....#**,,* ****,,,,,,,* *
...≈..##.# #..# *.#*****,,,*****
.<.≈...#,* #..# *.# *,,,*,,,,
...≈#....# #..# *#.# *,,,,,,,,
...≈##.#.# #..# *..#####**,,*****
...♣≈#.#,# #..###.......,,,,*****
.≈♣⌠♣≈.#.###............,,,,,,,,,
≈.≈♣≈#.#........#.......,,,******
...≈............@..#**,,****
.....#...###..###gr# *,,*
####.#...###..###..##*,,*********
####.#...............,,,,,,,,,,,,
.....#.#>###..###.####,,,,,,,,,,,
..................####,,****,****
....##.#.###..........,,* *,*
###.......##..########*,****,****
.....................,,,,,,,,,,,,


You could see a hobgoblin and a rat.

Vanquished Creatures
  A bat (D:1)
  An endoplasm (D:1)
  A kobold (D:1)
  2 rats (D:1)
  A toadstool (D:1)
6 creatures vanquished.

Notes
Turn   | Place    | Note
-------+----------+-------------------------------------------
     0 | D:1      | kodamatunes15 the Ghoul Monk began the quest for the Orb.
     0 | D:1      | Reached XP level 1. HP: 19/19 MP: 0/0
   208 | D:1      | Slain by a hobgoblin

Illustrated notes

Levels and vault maps discovered:
D:1:      ldierk_water_garden, layout_basic, hellmonk_ecumenical_altar_zigzags,
          serial_shops, nicolae_shop_window_shopping

Action                   || total
-------------------------++-------
Melee: Falchion          ||    23
  Use: Scroll            ||     1
Armor: Robe              ||     6
Dodge: Dodged            ||    19
       Rpst.: Falchion   ||     3

Table legend: (Time is in decaauts)
 A = Elapsed time spent in this place.
 B = Non-inter-level travel time spent in this place.
 C = Inter-level travel time spent in this place.
 D = Time resting spent in this place.
 E = Time spent auto-exploring this place.
 F = Levels seen in this place.
 G = Mean time per level.
                   A        B        C        D        E       F      G
               +--------+--------+--------+--------+--------+-----+--------+
         Total |    211 |     64 |    147 |      0 |      0 |   1 |  211.0 |
       Dungeon |    211 |     64 |    147 |      0 |      0 |   1 |  211.0 |
               +--------+--------+--------+--------+--------+-----+--------+

Top non-repeatable levels by time:
     D:1: 211 daAuts
